 Dungeon Crawl Stone Soup version 0.29-a0-222-g5b244fca1f (webtiles) character file.

Game seed: 1307206170908671989

381 domi the Conjurer (level 6, -1/41 HPs)
             Began as a Demonspawn Hedge Wizard on Feb 27, 2022.
             Slain by a phantom (9 damage)
             ... on level 5 of the Dungeon.
             The game lasted 00:17:04 (6792 turns).

domi the Conjurer (Demonspawn Hedge Wizard)         Turns: 6792, Time: 00:17:05

Health: -1/41      AC:  2    Str: 10    XL:     6   Next: 46%
Magic:  12/12      EV: 12    Int: 17    God:
Gold:   146        SH:  0    Dex: 13    Spells: 4/13 levels left

rFire   . . .      SeeInvis .   z - +1 short sword (venom)
rCold   . . .      Faith    .   (no shield)
rNeg    . . .      Spirit   .   b - +0 robe
rPois   .          Reflect  .   c - +0 hat
rElec   .          Harm     .   (no cloak)
rCorr   .          Rampage  .   (no gloves)
Will    .....                   (no boots)
Stlth   ++........              (no amulet)
HPRegen 0.13/turn               (no ring)
MPRegen 0.13/turn               (no ring)

@: attractive
A: horns 1, foul stench 1, powered by pain 2, sense surroundings 1
a: no special abilities


You were on level 5 of the Dungeon.
You visited 1 branch of the dungeon, and saw 5 of its levels.

You collected 146 gold pieces.

Inventory:

Hand Weapons
 a - a +0 dagger
 z - a +1 short sword of venom (weapon)
   (You took it off an orc on level 5 of the Dungeon)
Missiles
 w - 2 throwing nets {=f, !d=f}
Armour
 b - a +0 robe (worn)
 c - a +0 hat (worn)
 d - a scarf of harm
   (You found it on level 1 of the Dungeon)
 f - a +0 pair of gloves
   (You found it on level 1 of the Dungeon)
 g - a +2 pair of boots
   (You found it on level 1 of the Dungeon)
 o - a +0 cloak
   (You found it on level 2 of the Dungeon)
 t - a +0 pair of boots
   (You found it on level 3 of the Dungeon)
Magical Staves
 i - a staff of air {rElec}
   (You found it on level 1 of the Dungeon)
 x - a staff of conjuration {!a}
   (You found it on level 4 of the Dungeon)
Jewellery
 p - an amulet of guardian spirit {Spirit}
   (You found it on level 2 of the Dungeon)
Scrolls
 e - 6 scrolls of identify {unknown}
 k - a scroll of teleportation {unknown}
 n - a scroll of fog {unknown}
 r - 4 scrolls of immolation {unknown}
 s - 2 scrolls of enchant weapon {unknown}
 y - a scroll of noise {unknown}
Potions
 h - a potion of degeneration {!q}
 j - a potion of curing {unknown}
 m - a potion of attraction {!q}
 v - a potion of lignification {unknown}


   Skills:
 - Level 1.7 Dodging
 - Level 1.7 Stealth
 + Level 4.2 Spellcasting
 * Level 4.9 Conjurations
 + Level 3.0 Summonings
 - Level 0.8 Translocations


You had 4 spell levels left.
You knew the following spells:

 Your Spells              Type           Power      Damage    Failure   Level
b - Blink                 Tloc           12%        N/A       16%         2
c - Mephitic Cloud        Conj/Pois/Air  9%         N/A       24%         3
x - Call Imp              Summ           14%        N/A       7%          2
z - Magic Dart            Conj           80%        1d7       1%          1
Z - Animate Skeleton      Necr           6%         N/A       16%         1

Your spell library contained the following spells:

 Spells                   Type           Power      Damage    Failure   Level
 Summon Small Mammal      Summ           56%        N/A       4%          1
 Call Canine Familiar     Summ           14%        N/A       13%         3
 Pain                     Necr           12%        1d4       16%         1
 Slow                     Hex            12%        N/A       16%         1
 Conjure Flame            Conj/Fire      11%        6-21      17%         3
 Summon Guardian Golem    Hex/Summ       8%         N/A       24%         3
 Tukima's Dance           Hex            3%         N/A       43%         3
 Vampiric Draining        Necr           3%         2d6       43%         3
 Anguish                  Hex/Necr       1%         N/A       83%         4
 Enfeeble                 Hex            1%         N/A       100%        7


Dungeon Overview and Level Annotations

Branches:
Dungeon (5/15)
 Temple: D:4-7

Altars:


Innate Abilities, Weirdness & Mutations

You have a pair of small horns on your head.
You may rarely emit foul miasma when damaged in melee.
You sometimes gain power by taking damage.
You passively map a small area around you.


Message History

A dart slug is nearby!
A phantom comes into view.
The dart slug launches a dart at you. The slug dart hits you.
You take 4 damage, and have 37/41 hp.
The dart slug briefly extends its eye-stalks.
You hit the dart slug.
The dart slug is poisoned.
You kill the dart slug!
The phantom hits you!
The phantom blinks!
You blink.
A phantom comes into view.
You take 7 damage, and have 30/41 hp.
A beastly little devil appears in a puff of flame.
The phantom hits you.
You emit a cloud of foul miasma!
The phantom blinks!
You blink.
Found a stone staircase leading down.
You take 3 damage, and have 27/41 hp.
You now have 10/12 mp.
A shadowy apparition takes form in the air.
Your crimson imp disappears in a puff of smoke!
The phantom hits you.
The phantom blinks!
You blink.
You take 5 damage, and have 22/41 hp.
You now have 8/12 mp.
Okay, then.
Unknown command.
Unknown command.
Okay, then.
Unknown command.
A beastly little devil appears in a puff of flame.
Your shadow imp disappears in a puff of smoke!
The phantom hits you.
The phantom blinks!
You blink.
You take 3 damage, and have 19/41 hp.
You now have 6/12 mp.
Here: a phantom (ally target)
The floor.
The phantom barely misses you. The phantom hits you.
You emit a cloud of foul miasma!
The phantom blinks!
You blink.
You take 3 damage, and have 16/41 hp.
You hit the phantom but do no damage. Your headbutt misses the phantom.
The phantom hits you.
The phantom blinks!
You blink.
It was a potion of attraction.
You feel attractive to monsters.
Your crimson imp hits the phantom.
The phantom hits you.
You take 3 damage, and have 13/41 hp.
Unknown command.
Okay, then.
Okay, then.
You blink.
The phantom is attracted toward you. x2
You now have 5/12 mp.
The phantom is attracted toward you. x2
The phantom barely misses you. The phantom closely misses you.
You feel stable enough to blink again.
Your crimson imp blinks!
The phantom is attracted toward you.
You aren't carrying any items that you can evoke.
Okay, then.
A beastly little devil appears in a puff of frigid air.
The phantom hits your white imp!
The phantom blinks!
Your white imp blinks!
The phantom hits you but does no damage.
You now have 4/12 mp.
Okay, then.
You closely miss the phantom. Your headbutt misses the phantom.
The phantom hits you.
* * * LOW HITPOINT WARNING * * *
You take 3 damage, and have 11/41 hp.
You closely miss the phantom.
The phantom hits you but does no damage.
You hit the phantom. The phantom barely misses you.
The phantom is attracted toward you.
It was a potion of magic.
Magic courses through your body.
Your white imp barely misses the phantom.
The phantom barely misses you.
MP restored: 12 It was a potion of haste.
You feel yourself speed up.
Your white imp hits the phantom.
Your white imp freezes the phantom.
The phantom completely resists.
The phantom hits you.
* * * LOW HITPOINT WARNING * * *
The phantom blinks!
You blink.
The phantom is attracted toward you.
You take 3 damage, and have 8/41 hp.
It was a potion of mutation.
You feel extremely strange.
You feel a strange attunement to the structure of the dungeons.
It was a potion of resistance.
You feel protected.
Your white imp gestures at the phantom.
The puff of frost hits the phantom.
The phantom resists.
The phantom completely misses you.
It was a potion of cancellation.
Your magical effects are unravelling.
You feel magically purged.
You feel yourself slow down.
Your resistance to elements expires.
The phantom hits you but does no damage.
The phantom hits you!
You die...

#.>........##
##...........#
#............#
##............# *,
##.............## ,
#...............# ,
#...............#
#...............#
##....W@........#
##5...W.........#
#$§.............# ,
##.##..........#.##
,
#§##############..#
### ##.# * #.##
#..# ##.##


You could see 2 phantoms and a friendly white imp (summoned).

Vanquished Creatures
  A necrophage (D:5)
  A scorpion (D:4)
  2 orc priests
  An orc wizard (D:5)
  A gnoll (D:4)
  3 adders
  A worm (D:2)
  3 dart slugs
  6 orcs
  2 endoplasms
  4 giant cockroaches
  7 hobgoblins
  9 jackals
  4 quokkas
  2 ball pythons
  6 bats
  2 frilled lizards
  6 goblins
  4 kobolds
  3 rats
68 creatures vanquished.

Vanquished Creatures (collateral kills)
  3 gnolls
  2 orcs (D:3)
5 creatures vanquished.

Grand Total: 73 creatures vanquished

Notes
Turn   | Place    | Note
-------+----------+-------------------------------------------
     0 | D:1      | domi the Demonspawn Hedge Wizard began the quest for the
                  | Orb.
     0 | D:1      | Reached XP level 1. HP: 13/13 MP: 4/4
   144 | D:1      | HP: 1/13 [jackal (3)]
   611 | D:1      | Gained mutation: You may rarely emit foul miasma when
                  | damaged in melee. [demonic ancestry]
   611 | D:1      | Reached XP level 2. HP: 19/19 MP: 1/6
   799 | D:1      | Reached skill level 2 in Conjurations
  1109 | D:1      | Learned a level 2 spell: Blink
  1112 | D:1      | Learned a level 2 spell: Call Imp
  1850 | D:1      | Gained mutation: You have a pair of small horns on your
                  | head. [demonic ancestry]
  1850 | D:1      | Reached XP level 3. HP: 23/24 MP: 4/7
  1854 | D:1      | Learned a level 3 spell: Mephitic Cloud
  2550 | D:2      | Reached skill level 3 in Conjurations
  3020 | D:3      | Gained mutation: You sometimes gain a little power by
                  | taking damage. [demonic ancestry]
  3020 | D:3      | Reached XP level 4. HP: 25/30 MP: 4/9
  3352 | D:3      | Found a faded altar of an unknown god.
  3956 | D:3      | Learned a level 1 spell: Animate Skeleton
  3993 | D:2      | HP: 7/30 [quokka (4)]
  4234 | D:3      | HP: 7/30 [orc priest/divine providence (11)]
  5022 | D:4      | Reached skill level 2 in Summonings
  5368 | D:3      | HP: 3/30 [orc priest/nerve-wracking pain (8)]
  5645 | D:3      | Reached XP level 5. HP: 32/35 MP: 3/10
  6271 | D:4      | Reached skill level 4 in Spellcasting
  6271 | D:4      | Reached skill level 4 in Conjurations
  6372 | D:5      | Entered Level 5 of the Dungeon
  6377 | D:5      | Noticed a necrophage
  6392 | D:5      | Killed a necrophage
  6393 | D:5      | Gained mutation: You sometimes gain power by taking damage.
                  | [demonic ancestry]
  6393 | D:5      | Reached XP level 6. HP: 31/41 MP: 0/12
  6492 | D:5      | Reached skill level 3 in Summonings
  6789 | D:5      | HP: 8/41 [phantom (4)]
  6790 | D:5      | Gained mutation: You passively map a small area around you.
                  | [potion of mutation]
  6792 | D:5      | Slain by a phantom

Illustrated notes

Levels and vault maps discovered:
D:1:      zelgadis_glass_arrival_small, layout_basic
D:2:      layout_loops_ring
D:3:      layout_loops_cross, shapermc_ecumenical_altar_ellora
D:4:      layout_rooms
D:5:      layout_cave_pods

Skill      XL: |  1  2  3  4  5  6 |
---------------+-------------------+-----
Conjurations   | 2 3 4 |  4.9
Summonings     | 2 3 |  3.0
Spellcasting   | 4 |  4.2
Dodging        | |  1.7
Stealth        | |  1.7
Translocations | |  0.8

Action                   |  1- 3 |  4- 6 || total
-------------------------+-------+-------++-------
Melee: Dagger            |    68 |    30 ||    98
       Headbutt          |     2 |     2 ||     4
       Short sword       |       |     7 ||     7
 Cast: Magic Dart        |   102 |    86 ||   188
       Call Imp          |       |    34 ||    34
       Animate Skeleton  |       |     3 ||     3
       Mephitic Cloud    |       |     2 ||     2
       Blink             |       |     2 ||     2
  Use: Potion            |       |     7 ||     7
Armor: Robe              |    20 |    13 ||    33
Dodge: Dodged            |    77 |    46 ||   123

Table legend: (Time is in decaauts)
 A = Elapsed time spent in this place.
 B = Non-inter-level travel time spent in this place.
 C = Inter-level travel time spent in this place.
 D = Time resting spent in this place.
 E = Time spent auto-exploring this place.
 F = Levels seen in this place.
 G = Mean time per level.
                   A        B        C        D        E       F      G
               +--------+--------+--------+--------+--------+-----+--------+
         Total |   6798 |   6624 |    174 |   2768 |   3102 |   5 | 1359.6 |
       Dungeon |   6798 |   6624 |    174 |   2768 |   3102 |   5 | 1359.6 |
               +--------+--------+--------+--------+--------+-----+--------+

Top non-repeatable levels by time:
     D:2: 2191 daAuts
     D:1: 1936 daAuts
     D:3: 1536 daAuts
     D:4: 715 daAuts
     D:5: 419 daAuts

Table legend:
 A = Kills in this place as a percentage of kills in entire the game.
 B = Kills by you in this place as a percentage of kills by you in the entire game.
 C = Kills by friends in this place as a percentage of kills by friends in the entire game.
 D = Other kills in this place as a percentage of other kills in the entire game.
 E = Experience gained in this place as a percentage of experience gained in the entire game.
 F = Experience gained in this place divided by the number of levels of this place that you have seen.
                   A       B       C       D       E      F
               +-------+-------+-------+-------+-------+----------------------
         Total | 100.0 | 100.0 | 100.0 |   N/A | 100.0 | 109.0
       Dungeon | 100.0 | 100.0 | 100.0 |   N/A | 100.0 | 109.0
               +-------+-------+-------+-------+-------+----------------------
